 Dungeon Sprint DCSS version 0.20.1-1-g8b1a95d (console) character file.

48 hilaritas the Skirmisher (level 4, -5/50 HPs)
             Began as a Troll Fighter on Dec 2, 2017.
             Was a Follower of Uskayaw.
             Slain by a redback (6 damage)
             ... in the Dungeon (Sprint VI: "Thunderdome").
             The game lasted 00:04:25 (393 turns).

hilaritas the Skirmisher (Troll Fighter)             Turns: 393, Time: 00:04:25

Health: -5/50      AC:  5    Str: 29    XL:     4   Next: 86%
Magic:  0/5        EV:  8    Int:  5    God:    Uskayaw [*.....]
Gold:   40         SH:  9    Dex:  4    Spells: 3/3 levels left

rFire    + . .     SeeInvis +   a - +0 flail
rCold    . . .     Gourm    +   c - +0 shield
rNeg     + . .     Faith    .   b - +0 robe
rPois    .         Spirit   +   (helmet restricted)
rElec    .         Reflect  .   (no cloak)
rCorr    .         Harm     .   (gloves unavailable)
MR       .....     NoTele   +   (boots unavailable)
Stlth    +.........             p - amulet of Peremem {Spirit *Contam rF+ rN+}
Regen    0.6/turn               r - ring of Xom's Capriciousness {Wiz Str+5 Dex-5 Slay+3 SInv}
MPRegen  0.1/turn               (no ring)

@: lethally poisoned (-5 -> -17)
A: unfitting armour, claws 3, fast metabolism 3, gourmand, regeneration 1,
shaggy fur 1, tough skin 2
a: Stomp, Renounce Religion


You were in the Dungeon.
You worshipped Uskayaw.
Uskayaw was noncommittal.
You were very full.

You visited 1 branch You collected 280 gold pieces.
You spent 240 gold pieces at shops.

Inventory:

Hand Weapons
 a - a +0 flail (weapon)
Armour
 b - a +0 robe (worn)
 c - a +0 shield (worn)
Jewellery
 p - the amulet of Peremem (around neck) {Spirit *Contam rF+ rN+}
   (You bought it in a shop in the Dungeon)

   [amulet of guardian spirit]

   It causes incoming damage to be split between your health and magic.
   It protects you from fire.
   It protects you from negative energy.
   It causes magical contamination when unequipped.
 r - the ring of Xom's Capriciousness (left claw) {Wiz Str+5 Dex-5 Slay+3 SInv}
   (You bought it in a shop in the Dungeon)

   [ring of wizardry]

   It improves your spell success rate.
   It affects your strength (+5).
   It affects your dexterity (-5).
   It affects your accuracy and damage with ranged weapons and melee attacks
   (+3).
   It lets you see invisible.
Wands
 m - a wand of acid (5/15)
 n - a wand of iceblast (5/15)
Scrolls
 k - 4 scrolls of blinking
 o - 3 scrolls of fog
 q - a scroll of identify
Potions
 d - a potion of might
 g - 4 potions of heal wounds
 h - 4 potions of haste
 i - 2 potions of magic
 j - a potion of berserk rage
 l - a potion of resistance
Comestibles
 f - 2 bread rations


   Skills:
 + Level 5.0 Fighting
 - Level 1.7 Maces & Flails
 - Level 2.4 Dodging
 + Level 4.9 Shields
 * Level 4.2 Unarmed Combat
 * Level 3.8 Invocations


You had 3 spell levels left.
You didn't know any spells.

Dungeon Overview and Level Annotations

Branches:
Dungeon (1/1)

Altars:
Cheibriados
Dithmenos
Fedhas
Gozag
Kikubaaqudgha
Makhleb
Okawaru
Qazlal
Ru
Sif Muna
Trog
Uskayaw
Vehumet
Xom
Yredelemnul
Zin
The Shining One
Beogh
Jiyva
Lugonu

Shops:
D *[%??*?*:[((!!!!


Innate Abilities, Weirdness & Mutations

You are too large for most types of armour.
You have claws for hands.
Your metabolism is lightning-fast.
You like to eat raw meat.
Your natural rate of healing is unusually fast.
You are covered in fur. (AC +1)
You have very tough skin. (AC +2)


Message History

The redback bites you.
* * * LOW HITPOINT WARNING * * *
You are more poisoned.
The redback poisons you!
The jumping spider leaps!
You block the redback's attack.
You feel better. The redback bites you!
* * * LOW HITPOINT WARNING * * *
You are lethally poisoned!
The redback poisons you!
The jumping spider leaps!
* * * LOW HITPOINT WARNING * * *
You feel very sick. You block the redback's attack.
* * * LOW HITPOINT WARNING * * *
You feel sick.
The jumping spider leaps!
A jumping spider and a tarantella come into view.
* * * LOW HITPOINT WARNING * * *
You feel very sick.
The tarantella hisses angrily.
The jumping spider hisses angrily.
The redback bites you!
You die...

##∩.....∩## #∩.......∩#
#_........# #_......._#
#_......._# ###....s)...###
#⌠......s...)⌠#
######.8.........8.######
##∩.__......###......_..∩#
###∩........8.# #.8........∩
##.........s@..###...........
#§........s.###...###........
#§.........s# #.<.# #........
#⌠..........###...###.†......
##.............###...........
###∩........8.# #.8........∩
##∩___......###......___∩#
######.8.........8.######
#⌠...........⌠#
###.........### #_......._#


You could see 2 jumping spiders, a tarantella, a redback and a scorpion.

Vanquished Creatures
  2 scorpions (D)
  An adder (D)
  3 worms (D)
  3 orcs (D)
  A giant cockroach (D)
10 creatures vanquished.

Notes
Turn   | Place    | Note
-------+----------+-------------------------------------------
     0 | D        | hilaritas the Troll Fighter began the quest for the Orb.
     0 | D        | Reached XP level 1. HP: 22/22 MP: 0/0
     1 | D        | Found a snail-covered altar of Cheibriados.
     1 | D        | Found a corrupted altar of Lugonu.
     2 | D        | Found a stormy altar of Qazlal.
     3 | D        | Found a glowing silver altar of Zin.
     4 | D        | Found an opulent altar of Gozag.
     4 | D        | Found a burning altar of Makhleb.
     4 | D        | Found Waist's Staff Store.
     4 | D        | Found Jiext's Magic Scroll Shop.
     5 | D        | Found Obicha Xyci's Must-Have Magic.
     5 | D        | Found Senla's Magic Scroll Shop.
     5 | D        | Round 1.
    21 | D        | Found a viscous altar of Jiyva.
    25 | D        | Reached skill level 1 in Unarmed Combat
    43 | D        | Found a radiant altar of Vehumet.
    43 | D        | Found Ziapom's Bee Food.
    43 | D        | Found Covun's Jewellery.
    44 | D        | Found Xata's Advanced Armour.
    49 | D        | Found Jeom's Identification Station.
    49 | D        | Found an iron altar of Okawaru.
    49 | D        | Found a shimmering altar of Xom.
    49 | D        | Found a deep blue altar of Sif Muna.
    50 | D        | Bought a flickering bone amulet for 45 gold pieces
    57 | D        | Bought 3 scrolls of identify for 150 gold pieces
    60 | D        | Found a sacrificial altar of Ru.
    62 | D        | Found a roughly hewn altar of Beogh.
    62 | D        | Found a hide-covered altar of Uskayaw.
    62 | D        | Found Kaiwuen's Premium Goods.
    62 | D        | Found Jattidun's Miscellaneous Merchandise.
    63 | D        | Found Ocubrub's Basic Armour.
    67 | D        | Became a worshipper of Uskayaw the Reveler
    69 | D        | Found Zudo's Weapon Rack.
    69 | D        | Found a shadowy altar of Dithmenos.
    69 | D        | Found a bloodstained altar of Trog.
    69 | D        | Found a blossoming altar of Fedhas.
    80 | D        | Found a basalt altar of Yredelemnul.
    82 | D        | Found a glowing golden altar of the Shining One.
    82 | D        | Found an ancient bone altar of Kikubaaqudgha.
    82 | D        | Found Kadoraud's Do-It-Yourself Clinic.
    82 | D        | Found Cazunime's Bottled Wisdom.
    83 | D        | Found Lifuram's Distillery.
    88 | D        | Found Joxeo's Distillery.
    97 | D        | Identified the amulet of Peremem {Spirit *Contam rF+ rN+} (You bought it in a shop in the Dungeon)
   114 | D        | Reached * piety under Uskayaw
   117 | D        | Reached ** piety under Uskayaw
   118 | D        | Reached skill level 3 in Fighting
   118 | D        | Reached skill level 1 in Invocations
   134 | D        | Reached XP level 2. HP: 20/31 MP: 0/2
   151 | D        | Arena points: 12 (+12) [x2]
   197 | D        | Round 2.
   201 | D        | Noticed a scorpion
   211 | D        | Killed a scorpion
   211 | D        | Reached skill level 4 in Fighting
   211 | D        | Reached XP level 3. HP: 29/39 MP: 2/4
   211 | D        | Reached XP level 4. HP: 35/48 MP: 2/5
   211 | D        | Reached *** piety under Uskayaw
   318 | D        | Arena points: 48 (+36) [x3]
   318 | D        | Reached skill level 5 in Fighting
   353 | D        | Bought a twitching golden ring for 45 gold pieces
   353 | D        | Identified the ring of Xom's Capriciousness {Wiz Str+5 Dex-5 Slay+3 SInv} (You bought it in a shop in the Dungeon)
   383 | D        | Round 3.
   383 | D        | Noticed a jumping spider
   385 | D        | Noticed a redback
   393 | D        | Noticed a tarantella
   393 | D        | Noticed a jumping spider
   393 | D        | HP: 1/50 [poisoned by a redback]
   393 | D        | Slain by a redback

Skill      XL: |  1  2  3  4 |
---------------+-------------+-----
Unarmed Combat | 2 3 4 |  4.2
Fighting       | 3 4 5 |  5.0
Shields        | 3 4 |  4.9
Invocations    | 1 3 |  3.8
Maces & Flails | |  1.7
Dodging        | |  2.4

Action                   |  1- 3 |  4- 6 || total
-------------------------+-------+-------++-------
Melee: Flail             |    27 |    20 ||    47
  Use: Scroll            |     1 |     1 ||     2
       Potion            |       |     1 ||     1
 Stab: Paralysed         |       |     1 ||     1
  Eat: Chunk             |     7 |     1 ||     8
Armor: Robe              |     6 |     2 ||     8
Dodge: Dodged            |     8 |     6 ||    14
Block: Shield            |    14 |    11 ||    25
